 Dungeon Crawl Stone Soup version 0.28.0 (webtiles) character file.

Game seed: 13828676166278053322

39 Crownlay the Digger (level 3, 0/19 HPs)
             Began as a Gargoyle Earth Elementalist on Feb 18, 2022.
             Slain by a gnoll (2 damage)
             ... on level 2 of the Dungeon.
             The game lasted 00:03:00 (2002 turns).

Crownlay the Digger (Gargoyle Earth Elementalist)   Turns: 2002, Time: 00:03:01

Health: 0/19       AC:  5    Str: 11    XL:     3   Next: 47%
Magic:  6/7        EV: 11    Int: 17    God:
Gold:   69         SH:  0    Dex: 10    Spells: 7/8 levels left

rFire   . . .      SeeInvis .   a - +0 dagger
rCold   . . .      Faith    .   (no shield)
rNeg    + . .      Spirit   .   b - +0 robe
rPois   ∞          Reflect  .   (no helmet)
rElec   +          Harm     .   (no cloak)
rCorr   .          Rampage  .   (no gloves)
Will    +....                   (no boots)
Stlth   ++........              (no amulet)
HPRegen 0.06/turn               e - ring of willpower
MPRegen 0.10/turn               (no ring)

@: no status effects
A: sickness immunity, AC +3, negative energy resistance 1, electricity
resistance, torment resistance 1, petrification resistance
a: no special abilities


You were on level 2 of the Dungeon.
You visited 1 branch of the dungeon, and saw 2 of its levels.

You collected 69 gold pieces.

Inventory:

Hand Weapons
 a - a +0 dagger (weapon)
Missiles
 c - 56 stones
Armour
 b - a +0 robe (worn)
Jewellery
 e - a ring of willpower (left hand)
Wands
 g - a wand of polymorph (5)
Scrolls
 d - a scroll of identify {unknown}
Potions
 f - a potion of heal wounds {unknown}


   Skills:
 - Level 1.5 Dodging
 - Level 2.1 Stealth
 * Level 3.1 Spellcasting
 - Level 0.7 Transmutations
 + Level 4.2 Earth Magic


You had 7 spell levels left.
You knew the following spells:

 Your Spells              Type           Power      Damage    Failure   Level
a - Sandblast             Erth           34%        2d9       3%          1

Your spell library contained the following spells:

 Spells                   Type           Power      Damage    Failure   Level
 Passwall                 Tmut/Erth      9%         N/A       10%         2
 Stone Arrow              Conj/Erth      18%        3d8       22%         3
 Petrify                  Tmut/Erth      11%        N/A       52%         4


Dungeon Overview and Level Annotations

Branches:
Dungeon (2/15)

Altars:

Shops:
D:1 ?


Innate Abilities, Weirdness & Mutations

You are immune to sickness and miasma.
Your stone body is resilient. (AC +3)
You are immune to poison.
You resist negative energy. (rN+)
You are resistant to electric shocks. (rElec)
You are resistant to unholy torment.
You are immune to petrification.


Message History

The blast of sand hits the kobold!
You kill the kobold!
You can't see any susceptible monsters within range! (Use Z to cast anyway.)
g - a wand of polymorph (5)
Things that are here:
a +0 dagger; a kobold corpse 2 gnolls come into view.
There are monsters nearby!
There are monsters nearby!
You see here 11 gold pieces.
The gnoll shouts! x2; You hear a shout!
A gnoll comes into view. It is wielding a +0 spear.
A gnoll comes into view. It is wielding a +0 club.
The gnoll shouts!
The gnoll barely misses you.
The blast of sand hits the gnoll!
The gnoll is almost dead.
The gnoll hits you from afar with a +0 spear.
The gnoll hits you but does no damage.
The gnoll hits you from afar with a +0 spear.
You are too injured to fight recklessly!
You are too injured to fight recklessly!
You are too injured to fight recklessly!
You are too injured to fight recklessly!
You are too injured to fight recklessly!
You are too injured to fight recklessly!
Casting: Sandblast (safe; 3% risk of failure)
Confirm with . or Enter, or press ? or * to list all spells.
Aiming: Sandblast (safe; 3% risk of failure)
Press: ? - help, Shift-Dir - straight line, f/p - gnoll
Aim: a gnoll, wielding a +0 flail (almost dead, 82% to hit)
The blast of sand hits the gnoll!
You kill the gnoll!
The gnoll hits you from afar with a +0 spear!
* * * LOW HITPOINT WARNING * * *
The gnoll completely misses you.
You see here 11 gold pieces.
There is a stone staircase leading up here.
The gnoll hits you from afar with a +0 spear.
You die...

..... .... #...####
.......# #. ..#.# #.
#.#.###### #.##.........
## #.....### .#
#####@.g## ####.#
#....## .....
.#########g.########....
........†...g....##..##.
.##########.####....$.).
## #...###...###.
#.....#......### .
#####.#.##....## #
#....#.##..#


You could see 3 gnolls.

Vanquished Creatures
  A gnoll (D:2)
  A dart slug (D:1)
  An endoplasm (D:1)
  3 goblins (D:1)
  3 hobgoblins
  4 jackals
  A quokka (D:1)
  3 ball pythons
  A bat (D:1)
  3 kobolds
  4 rats (D:1)
25 creatures vanquished.

Notes
Turn   | Place    | Note
-------+----------+-------------------------------------------
     0 | D:1      | Crownlay the Gargoyle Earth Elementalist began the quest
                  | for the Orb.
     0 | D:1      | Reached XP level 1. HP: 10/10 MP: 3/3
   573 | D:1      | Found Nukill's Magic Scroll Boutique.
   635 | D:1      | Reached XP level 2. HP: 15/15 MP: 3/5
   759 | D:1      | Found a faded altar of an unknown god.
  1102 | D:1      | Reached skill level 4 in Earth Magic
  1794 | D:2      | Reached XP level 3. HP: 13/19 MP: 7/7
  2002 | D:2      | Slain by a gnoll

Illustrated notes

Levels and vault maps discovered:
D:1:      dpeg_arrival_signposts, layout_basic,
          hellmonk_ecumenical_altar_dog_temple, serial_shops,
          nicolae_shop_crystal, kennysheep_flooded_box
D:2:      layout_rooms

Skill      XL: |  1  2  3 |
---------------+----------+-----
Earth Magic    | 4 |  4.2
Spellcasting   | 3 |  3.1
Dodging        | |  1.5
Stealth        | |  2.1
Transmutations | |  0.7

Action                   || total
-------------------------++-------
Melee: Unarmed           ||    35
       Dagger            ||    45
 Cast: Sandblast         ||    19
 Stab: Sleeping          ||     2
Armor: Robe              ||    38
Dodge: Dodged            ||    60
